Map: Kairos Junction LE

Players

InZaNe - Winner!

  • Race: Terran Terran
  • Spawn Location: 11:00

SaLemandr

  • Race: Terran Terran
  • Spawn Location: 5:00

Event: 2019 WCS Spring

VOD

Have the link to the VOD?

Description

Time

  • Played on: May 17, 2019, 11:48 a.m.
  • Length: 9:46

All games in this series

Show
View Real Time Build Order
Export as new Build Order

InZaNe Terran - Winner!

Build Orders: Cyclone Opening 

Get SALT Encoding   

  12  0:02  SCV  
  13  0:14  SCV  
  14  0:17  Supply Depot  
  14  0:26  SCV  
  14  0:28  Refinery  
  15  0:39  SCV  
  16  0:44  Barracks  
  16  0:51  SCV  
  16  0:55  Refinery  
  17  1:03  SCV  
  18  1:15  SCV  
  19  1:32  Orbital Command  
  19  1:33  Factory  
  19  1:35  Reaper  
  20  1:49  Supply Depot  
  20  1:58  SCV  
  21  2:07  Reaper  
  22  2:10  SCV  
  23  2:18  Factory Tech Lab  
  24  2:25  Command Center  
  24  2:26  SCV  
  24  2:36  Cyclone  
  27  2:40  Barracks Reactor  
  27  2:42  SCV  
  28  2:53  Starport  
  28  2:54  SCV  
  28  2:57  Supply Depot  
  29  3:06  SCV  
  30  3:17  Marine  
  30  3:18  Marine  
  30  3:19  SCV  
  33  3:23  Factory Tech Lab  
  33  3:33  Refinery  
  33  3:34  Marine  
  33  3:36  Raven, Marine  
  33  3:38  Orbital Command  
  33  3:39  SCV  
  38  3:51  SCV  
  39  3:55  Marine  
  39  3:56  Siege Tank, Marine  
  42  4:02  Supply Depot  
  42  4:03  SCV  
  44  4:13  Marine x2  
  43  4:28  Viking, Orbital Command, Siege Tank  
  48  4:31  Marine x2  
  50  4:52  SCV  
  53  4:55  SCV  
  54  5:05  SCV  
  54  5:06  Barracks  
  53  5:07  Barracks  
  53  5:13  Stimpack  
  53  5:15  Marine  
  53  5:16  Starport Reactor  
  53  5:17  SCV x2  
  54  5:29  SCV x2  
  54  5:33  Marauder, Engineering Bay  
  58  5:41  SCV x2  
  60  5:48  Supply Depot  
  60  5:56  Factory Tech Lab  
  60  5:57  SCV x2  
  62  6:02  Supply Depot  
  62  6:06  Terran Infantry Weapons Level 1, Combat Shield  
  62  6:10  Marauder x2, Marine x2  
  68  6:13  SCV  
  68  6:14  SCV  
  70  6:21  Medivac x2  
  70  6:25  SCV  
  72  6:26  SCV  
  75  6:40  Marauder  
  75  6:41  Marauder  
  75  6:43  Command Center  
  77  6:48  Marine x2  
  77  6:52  Supply Depot  
  77  6:53  Medivac x2  
  83  7:02  Marauder  
  83  7:05  Supply Depot  
  85  7:09  Marine  
  85  7:13  Siege Tank, Marine  
  85  7:14  Marauder, Concussive Shells  
  92  7:17  Liberator  
  92  7:18  SCV x2  
  93  7:24  Marauder  
  93  7:30  SCV x2, Marine  
  99  7:37  Medivac  
  99  7:39  Refinery  
  99  7:42  SCV  
  99  7:43  SCV  
  101  7:44  Marauder  
  88  7:52  Marauder, Marine  
  88  7:53  Marine  
  92  8:00  Orbital Command  
  92  8:02  SCV x2, Barracks x2  
  94  8:10  Marine x2  
  94  8:12  Viking  
  98  8:17  Viking  
  100  8:22  Orbital Command  
  100  8:27  Marauder  
  102  8:30  SCV x2  
  104  8:36  Supply Depot  
  104  8:39  Marauder  
  104  8:41  Marine x2  
  108  8:42  SCV x2, Supply Depot  
  107  8:51  SCV  
  107  8:54  SCV x2, Medivac  
  107  8:55  Medivac, Barracks Tech Lab, Barracks Reactor  
  114  9:02  Marauder x2, Marine x2  
  120  9:04  SCV  
  120  9:07  SCV, Refinery  
  120  9:08  Refinery  
  122  9:15  Marauder  
  124  9:20  Marine x2  
  124  9:21  SCV x3  
  128  9:33  SCV  
  128  9:39  Command Center  
Show
View Real Time Build Order
Export as new Build Order

SaLemandr Terran 

Build Orders: Cyclone Opening, Mech 

Get SALT Encoding   

  12  0:00  SCV  
  13  0:13  SCV  
  14  0:18  Supply Depot  
  14  0:25  SCV  
  14  0:27  Refinery  
  15  0:39  SCV  
  16  0:45  Barracks  
  16  0:51  SCV  
  16  0:54  Refinery  
  17  1:03  SCV  
  18  1:15  SCV  
  19  1:32  Reaper, Orbital Command  
  20  1:35  Factory  
  20  1:46  Supply Depot  
  20  1:58  SCV  
  21  2:04  Marine  
  22  2:10  SCV  
  23  2:18  Factory Tech Lab  
  23  2:22  SCV, Factory, Marine  
  25  2:29  Supply Depot  
  25  2:36  Cyclone  
  28  2:40  Mag-Field Accelerator  
  28  2:43  Barracks Tech Lab  
  28  2:47  SCV  
  29  3:08  Cyclone  
  32  3:15  Cyclone  
  35  3:20  SCV  
  35  3:24  Supply Depot  
  36  3:35  Command Center  
  36  3:38  SCV  
  37  3:46  Cyclone  
  40  3:50  SCV  
  41  4:00  Cyclone  
  44  4:03  SCV  
  45  4:23  SCV  
  46  4:35  Cyclone  
  40  4:41  Siege Tank  
  42  4:47  Orbital Command  
  42  4:49  SCV, Refinery  
  42  4:50  Refinery  
  43  5:01  SCV  
  43  5:03  Factory  
  44  5:12  SCV  
  44  5:13  SCV  
  46  5:17  Siege Tank  
  49  5:33  Command Center  
  49  5:35  SCV x2  
  51  5:38  Siege Tank  
  54  5:47  SCV x2, Starport  
  56  5:57  Factory Reactor, Siege Tank  
  53  5:59  SCV x2  
  58  6:11  SCV  
  59  6:12  SCV, Supply Depot  
  59  6:13  Supply Depot  
  59  6:18  Siege Tank  
  63  6:23  SCV  
  63  6:24  SCV  
  65  6:28  Starport Reactor  
  65  6:34  Hellion  
  65  6:35  SCV, Hellion  
  65  6:39  Siege Tank  
  73  6:41  SCV  
  74  6:47  SCV  
  74  6:48  Orbital Command  
  75  6:55  SCV  
  75  6:57  Armory  
  75  6:59  Hellion  
  80  7:01  Hellion  
  80  7:02  SCV  
  80  7:07  SCV  
  82  7:11  Viking  
  82  7:14  Viking  
  82  7:15  SCV  
  87  7:16  SCV  
  87  7:21  SCV  
  89  7:27  SCV  
  90  7:32  Siege Tank  
  90  7:33  Hellion, Siege Tank  
  90  7:34  SCV, Hellion  
  101  7:44  SCV  
  101  7:48  SCV  
  101  7:49  Viking x2  
  99  7:54  Hellion  
  92  8:00  Orbital Command  
  92  8:04  SCV  
  92  8:05  Siege Tank x2  
  98  8:16  SCV  
  98  8:17  SCV  
  100  8:28  Supply Depot x3  
  100  8:35  SCV  
  100  8:38  Engineering Bay  
  100  8:39  Refinery x2  
  101  8:47  SCV x2, Viking  
  101  8:49  Viking, Hellion x2, Siege Tank x2, SCV  
  112  8:59  SCV x2  
  112  9:01  SCV  
  108  9:11  SCV x2, Hellion x2  
  108  9:13  SCV  
  115  9:22  Hellion  
  115  9:23  SCV  
  125  9:24  SCV  
  104  9:42  Command Center  
Tags
 
Add a new tag
Caveats
  • Supply blocks, unpowered buildings, or Contaminate may cause inaccurate times.
  • Supply counts are checked every 10 seconds.